Punishers vs Monarchs
Created - December 23, 2018 at 19:35
Goals
|
| Punishers |
1 |
1 |
3 |
0 |
3 |
6 |
| Monarchs |
3 |
0 |
2 |
0 |
2 |
5 |
|
Shots
|
| Punishers |
13 |
10 |
10 |
3 |
9 |
36 |
| Monarchs |
12 |
3 |
15 |
0 |
9 |
30 |
|
1st period
1. Monarchs , Dennis Everberg 3 (Daultan Leveillé 21) at 7:58
2. Punishers , Boone Jenner 9 (Miikka Salomaki 13) at 14:03
3. Monarchs , Marko Dano 9 (Teuvo Teravainen 11) at 14:47
4. Monarchs , Marko Dano 10 (Teuvo Teravainen 12, Darnell Nurse 6) at 15:03
Penalties :
Chris Thorburn (MAN) for Elbowing (Minor) at 2:58, Chris Thorburn (MAN) for Hooking (Minor) at 14:06, Robbie Earl (Pro) for High sticking (Minor) at 14:37
2nd period
5. Punishers , Colton Gillies 9 (Zack Hamill 38, Patrick Wiercioch 6) at 16:43
Penalties :
Chris Thorburn (MAN) for Tripping (Minor) at 0:13, Brandon Saad (MAN) for Hooking (Minor) at 4:21, Jake McCabe (MAN) for Hooking (Minor) at 8:50
3rd period
6. Monarchs , Marko Dano 11 (Connor Brown 33, Will Butcher 6) at 7:03 (PP)
7. Monarchs , Joel Armia 5 (Chris Tierney 4) at 9:15
8. Punishers , David Laliberté 15 (Zack Hamill 39) at 10:59
9. Punishers , Miikka Salomaki 12 (Jordan Schmaltz 10) at 15:02 (PP)
10. Punishers , Miikka Salomaki 13 (Boone Jenner 10) at 18:48
Penalties :
Jordan Schmaltz (Pro) for Diving (Minor) at 4:07, Patrick Wiercioch (Pro) for Hooking (Minor) at 6:47, Brandon Saad (MAN) for High sticking (Minor) at 14:28, Robbie Earl (Pro) for Holding (Minor) at 15:09
Overtime #1
No Goal
Penalties :
No Penalty
Shootout
Penalty Shot by Boone Jenner for Punishers - Shot Misses the Net
Penalty Shot by Andre Burakovsky for Monarchs - Stopped by Daniel Altshuller
Penalty Shot by Zack Hamill for Punishers - Shot Misses the Net
Penalty Shot by Teuvo Teravainen for Monarchs - Stopped by Daniel Altshuller
Penalty Shot by Robbie Earl for Punishers - Stopped by Anders Lindback
Penalty Shot by Marko Dano for Monarchs - Shot Misses the Net
Penalty Shot by David Laliberté for Punishers - Stopped by Anders Lindback
Penalty Shot by Joel Armia for Monarchs - Stopped by Daniel Altshuller
Penalty Shot by Colton Gillies for Punishers - Goal!
Penalty Shot by Kenndal McArdle for Monarchs - Goal!
Penalty Shot by Miikka Salomaki for Punishers - Goal!
Penalty Shot by Dennis Everberg for Monarchs - Goal!
Penalty Shot by Jordan Schmaltz for Punishers - Stopped by Anders Lindback
Penalty Shot by Alec Martinez for Monarchs - Stopped by Daniel Altshuller
Penalty Shot by Mark Jankowski for Punishers - Stopped by Anders Lindback
Penalty Shot by Daultan Leveillé for Monarchs - Stopped by Daniel Altshuller
Penalty Shot by Carter Ashton for Punishers - Goal!
Penalty Shot by David Fischer for Monarchs - Shot Misses the Net
Penalties :
No Penalty
Goalie Stats
Louis Domingue (Pro), 15 saves from 19 shots - (0.789), 47:03 minutes
Daniel Altshuller (Pro), 10 saves from 11 shots - (0.909), W, 1-1-0, 17:55 minutes
Anders Lindback (MAN), 31 saves from 36 shots - (0.861), OTL, 12-6-2, 65:00 minutes
Players Stats for Punishers
Player Name G A P +/- PIM S H SB GA TA FO MP PP MP PK MP
------------------------------------------------------------------------------------
Adam Pelech 0 0 0 -2 0 2 2 0 0 1 0/0 30:30 6:03 2:36
Boone Jenner 1 1 2 2 0 6 3 0 1 0 7/11 18:17 3:36 0:01
Carter Ashton 0 0 0 0 0 2 2 2 0 1 0/1 12:48 0:20 0:55
Colton Gillies 1 0 1 -2 0 2 1 0 2 0 0/1 15:57 0:00 2:36
David Laliberté 1 0 1 1 0 6 4 0 2 1 0/0 21:45 5:06 0:55
Dylan DeMelo 0 0 0 -1 0 0 0 0 0 0 0/0 14:02 0:00 0:49
Garret Ross 0 0 0 -1 0 0 0 0 0 0 0/0 7:26 0:19 0:08
Jordan Schmaltz 0 1 1 -2 2 3 2 0 0 0 0/0 29:41 6:03 1:46
Madison Bowey 0 0 0 3 0 1 1 0 0 0 0/0 20:54 2:58 1:44
Mark Jankowski 0 0 0 0 0 0 0 1 0 0 1/3 10:03 0:00 0:00
Michael Joly 0 0 0 -1 0 0 0 0 0 0 0/0 7:26 0:19 0:00
Miikka Salomaki 2 1 3 2 0 4 2 0 1 1 0/0 18:56 3:36 1:17
Patrick Wiercioch 0 1 1 3 2 0 0 2 0 0 0/0 21:04 2:58 1:55
Radek Faksa 0 0 0 -1 0 2 0 0 0 0 2/3 7:15 0:00 0:08
Robbie Earl 0 0 0 1 4 3 2 1 0 1 4/4 22:10 5:05 0:35
Trevor Van Riemsdyk 0 0 0 -1 0 2 0 0 0 0 0/0 13:52 0:00 0:40
Tyler Bertuzzi 0 0 0 0 0 1 5 0 1 1 2/4 19:15 3:35 0:01
Zack Hamill 0 2 2 1 0 2 3 1 0 0 14/36 22:22 5:06 2:54
Players Stats for Monarchs
Player Name G A P +/- PIM S H SB GA TA FO MP PP MP PK MP
------------------------------------------------------------------------------------
Alec Martinez 0 0 0 2 0 0 0 2 0 1 0/0 20:39 0:14 3:12
Andre Burakovsky 0 0 0 -1 0 3 1 0 1 0 0/2 17:01 2:50 0:00
Artturi Lehkonen 0 0 0 0 0 0 1 1 0 0 0/0 6:27 0:00 0:00
Brandon Saad 0 0 0 0 4 1 1 1 0 0 2/3 16:12 0:02 0:31
Chris Thorburn 0 0 0 -1 6 4 3 0 2 0 1/1 14:30 0:02 0:00
Chris Tierney 0 1 1 -1 0 0 1 0 0 0 3/6 17:32 1:29 2:51
Connor Brown 0 1 1 -1 0 0 0 1 0 1 0/0 18:04 2:52 0:00
Darnell Nurse 0 1 1 -1 0 0 2 2 0 1 0/0 23:35 0:14 5:49
Daultan Leveillé 0 1 1 0 0 2 2 0 0 1 1/2 11:05 0:00 2:33
David Fischer 0 0 0 1 0 1 0 1 1 0 0/0 19:05 0:00 3:12
Dennis Everberg 1 0 1 0 0 2 2 0 0 0 1/1 11:50 0:00 5:30
Jake McCabe 0 0 0 0 2 1 0 1 0 1 0/0 26:25 3:02 4:43
Joel Armia 1 0 1 0 0 2 2 0 0 1 1/1 11:35 1:53 0:00
Jonathan Drouin 0 0 0 0 0 1 1 0 0 0 8/14 15:02 1:53 0:00
Kenndal McArdle 0 0 0 -1 0 0 0 0 0 0 5/9 6:27 0:00 5:30
Marko Dano 3 0 3 1 0 6 1 0 2 0 10/22 20:20 2:50 0:09
Morgan Rielly 0 0 0 0 0 2 0 0 0 0 0/0 18:24 1:29 0:20
Teuvo Teravainen 0 2 2 2 0 3 4 1 0 0 1/2 16:03 1:53 0:58
Will Butcher 0 1 1 -2 0 2 0 2 0 1 0/0 19:09 3:02 0:46
3 Stars
1 - Miikka Salomaki (Pro)
2 - Marko Dano (MAN)
3 - Boone Jenner (Pro)
Power Play
Punishers - 1 on 6 Attempt(s) - 16.67%
Monarchs - 1 on 4 Attempt(s) - 25.00%
Penalty Kill
Punishers - 3 on 4 Attempt(s) - 75.00%
- Score 0 goal in Penalty Kill
Monarchs - 5 on 6 Attempt(s) - 83.33%
- Score 0 goal in Penalty Kill
Team Stat
Punishers - Hits : 27 - Faceoff Wins : 30 - Blocked Shots : 7 - Penalty Minutes : 8
Monarchs - Hits : 21 - Faceoff Wins : 33 - Blocked Shots : 12 - Penalty Minutes : 12
Official
Referees : Unknown
Linesman : Unknown
Game Notes
Marko Dano has scored a Hat Trick!
Daniel Altshuller enters game at 7:03 of 3rd period
Finance
Level 1 -- Attendance: 1401 (70.05%) -- Ticket Income $56,040
Level 2 -- Attendance: 677 (67.70%) -- Ticket Income $13,540
Total Attendance: 2078 (69.27%)
Total Ticket Income: $69,580
Other Income: $3,479
Total Income: $73,059
Punishers
5 vs 5 Forward
Center Left Wing Right Wing Time % Phy DF OF
1 Zack Hamill Robbie Earl David Laliberté 40 1 2 2
2 Boone Jenner Tyler Bertuzzi Miikka Salomaki 30 1 2 2
3 Mark Jankowski Colton Gillies Carter Ashton 20 1 2 2
4 Radek Faksa Garret Ross Michael Joly 10 1 2 2
5 vs 5 Defense
Defense Defense Time % Phy DF OF
1 Adam Pelech Jordan Schmaltz 40 1 2 2
2 Patrick Wiercioch Madison Bowey 30 1 2 2
3 Trevor Van Riemsdyk Dylan DeMelo 20 1 2 2
4 Adam Pelech Jordan Schmaltz 10 1 2 2
PowerPlay Forward
Center Left Wing Right Wing Time % Phy DF OF
1 Zack Hamill Robbie Earl David Laliberté 60 1 2 2
2 Boone Jenner Tyler Bertuzzi Miikka Salomaki 40 1 2 2
PowerPlay Defense
Defense Defense Time % Phy DF OF
1 Adam Pelech Jordan Schmaltz 60 1 2 2
2 Patrick Wiercioch Madison Bowey 40 1 2 2
Penalty Kill 4 Players Forward
Center Wing Time % Phy DF OF
1 Zack Hamill Colton Gillies 60 1 2 2
2 David Laliberté Carter Ashton 40 1 2 2
Penalty Kill 4 Players Defense
Defense Defense Time % Phy DF OF
1 Adam Pelech Jordan Schmaltz 60 1 2 2
2 Patrick Wiercioch Madison Bowey 40 1 2 2
Penalty Kill - 3 Players Forward
Forward Time % Phy DF OF
1 Colton Gillies 60 1 2 2
2 Carter Ashton 40 1 2 2
Penalty Kill - 3 Players Defense
Defense Defense Time % Phy DF OF
1 Adam Pelech Jordan Schmaltz 60 1 2 2
2 Patrick Wiercioch Madison Bowey 40 1 2 2
4 vs 4 Forward
Center Wing Time % Phy DF OF
1 Robbie Earl Colton Gillies 60 1 2 2
2 David Laliberté Carter Ashton 40 1 2 2
4 vs 4 Defense
Defense Defense Time % Phy DF OF
1 Adam Pelech Jordan Schmaltz 60 1 2 2
2 Patrick Wiercioch Madison Bowey 40 1 2 2
Last Minutes Offensive
Center Left Wing Right Wing Defense Defense
Zack Hamill Robbie Earl David Laliberté Madison Bowey Jordan Schmaltz
Last Minutes Defensive
Center Left Wing Right Wing Defense Defense
Zack Hamill Colton Gillies Carter Ashton Adam Pelech Jordan Schmaltz
Goaltenders
Starting : Louis Domingue
Backup : Daniel Altshuller
Extra Forwards
Normal : Tyler Bertuzzi, Boone Jenner, Miikka Salomaki - PP : Carter Ashton, Boone Jenner - PK : Miikka Salomaki
Extra Defensemen
Normal : Trevor Van Riemsdyk, Dylan DeMelo, Patrick Wiercioch - PP : Trevor Van Riemsdyk - PK : Dylan DeMelo, Patrick Wiercioch
Penalty Shots
Boone Jenner, Zack Hamill, Robbie Earl, David Laliberté, Colton Gillies
Scratches
Dan Bertram (Healthy), John Macfarland (Healthy), Stefan Elliott (Healthy), Mattias Tedenby (Healthy), Kristers Gudlevskis (Healthy)
Monarchs
5 vs 5 Forward
Center Left Wing Right Wing Time % Phy DF OF
1 Marko Dano Andre Burakovsky Connor Brown 35 0 2 3
2 Jonathan Drouin Brandon Saad Chris Thorburn 35 1 2 2
3 Chris Tierney Teuvo Teravainen Joel Armia 25 1 2 2
4 Daultan Leveillé Artturi Lehkonen Dennis Everberg 5 1 2 2
5 vs 5 Defense
Defense Defense Time % Phy DF OF
1 Darnell Nurse Will Butcher 35 0 3 2
2 Jake McCabe David Fischer 35 0 3 2
3 Alec Martinez Morgan Rielly 30 0 3 2
4 Jake McCabe Will Butcher 0 1 3 1
PowerPlay Forward
Center Left Wing Right Wing Time % Phy DF OF
1 Marko Dano Andre Burakovsky Connor Brown 60 0 1 4
2 Jonathan Drouin Teuvo Teravainen Joel Armia 40 0 1 4
PowerPlay Defense
Defense Defense Time % Phy DF OF
1 Will Butcher Jake McCabe 60 0 2 3
2 Chris Tierney Morgan Rielly 40 0 2 3
Penalty Kill 4 Players Forward
Center Wing Time % Phy DF OF
1 Kenndal McArdle Dennis Everberg 60 0 4 1
2 Chris Tierney Daultan Leveillé 40 0 4 1
Penalty Kill 4 Players Defense
Defense Defense Time % Phy DF OF
1 Jake McCabe Darnell Nurse 60 0 5 0
2 Alec Martinez David Fischer 40 0 5 0
Penalty Kill - 3 Players Forward
Forward Time % Phy DF OF
1 Kenndal McArdle 60 1 4 0
2 Chris Tierney 40 1 4 0
Penalty Kill - 3 Players Defense
Defense Defense Time % Phy DF OF
1 Alec Martinez Darnell Nurse 60 0 5 0
2 Jake McCabe David Fischer 40 0 5 0
4 vs 4 Forward
Center Wing Time % Phy DF OF
1 Marko Dano Teuvo Teravainen 60 1 2 2
2 Connor Brown Brandon Saad 40 1 2 2
4 vs 4 Defense
Defense Defense Time % Phy DF OF
1 Alec Martinez Darnell Nurse 60 1 2 2
2 Jake McCabe Morgan Rielly 40 1 2 2
Last Minutes Offensive
Center Left Wing Right Wing Defense Defense
Marko Dano Teuvo Teravainen Connor Brown Jake McCabe Will Butcher
Last Minutes Defensive
Center Left Wing Right Wing Defense Defense
Chris Tierney Kenndal McArdle Chris Thorburn Jake McCabe Darnell Nurse
Goaltenders
Starting : Anders Lindback
Backup : Eric Comrie
Extra Forwards
Normal : Marko Dano, Chris Tierney, Teuvo Teravainen - PP : Daultan Leveillé, Chris Thorburn - PK : Brandon Saad
Extra Defensemen
Normal : Jake McCabe, Alec Martinez, Darnell Nurse - PP : Darnell Nurse - PK : Will Butcher, Morgan Rielly
Penalty Shots
Andre Burakovsky, Teuvo Teravainen, Marko Dano, Joel Armia, Kenndal McArdle
Scratches
Brian Boyle (Fractured Metatarsal (Right Foot) Injury), Andreas Athanasiou (Healthy), Christophe Lalancette (Healthy), Mike Hoffman (Healthy), Adam Tambellini (Healthy)
Andrei Mironov (Healthy), Jonas Junland (Healthy), Ryan White (Healthy), Anthony Peluso (Healthy), Tyler Beskorowany (Healthy)
% Time on Ice - Punishers
Lines # - Real PCT - Wanted PCT - Time Play
Normal Forward
1 - 32% - 40% - 14:27
2 - 30% - 30% - 13:24
3 - 22% - 20% - 10:03
4 - 15% - 10% - 6:52
Normal Defense
1 - 40% - 40% - 17:48
2 - 31% - 30% - 13:55
3 - 28% - 20% - 12:24
4 - 1% - 10% - 0:39
PP Forward
1 - 60% - 60% - 5:25
2 - 40% - 40% - 3:36
PP Defense
1 - 67% - 60% - 6:03
2 - 33% - 40% - 2:58
PK Forward
1 - 81% - 60% - 3:50
2 - 19% - 40% - 0:55
PK Defense
1 - 64% - 60% - 3:01
2 - 36% - 40% - 1:44
PK3 Forward
1 - 0% - 60%
2 - 0% - 40%
PK3 Defense
1 - 0% - 60%
2 - 0% - 40%
44 Forward
1 - 77% - 60% - 5:00
2 - 23% - 40% - 1:28
44 Defense
1 - 65% - 60% - 4:11
2 - 35% - 40% - 2:17
Last Minute Offensive - 0:00
Last Minute Defensive - 0:00
Total
Forward - 65:00
Defense - 65:00
|
% Time on Ice - Monarchs
Lines # - Real PCT - Wanted PCT - Time Play
Normal Forward
1 - 32% - 35% - 14:29
2 - 32% - 35% - 14:22
3 - 21% - 25% - 9:31
4 - 14% - 5% - 6:20
Normal Defense
1 - 33% - 35% - 14:39
2 - 37% - 35% - 16:44
3 - 28% - 30% - 12:40
4 - 1% - 0% - 0:39
PP Forward
1 - 60% - 60% - 2:50
2 - 40% - 40% - 1:55
PP Defense
1 - 69% - 60% - 3:16
2 - 31% - 40% - 1:29
PK Forward
1 - 72% - 60% - 6:28
2 - 28% - 40% - 2:33
PK Defense
1 - 65% - 60% - 5:49
2 - 35% - 40% - 3:12
PK3 Forward
1 - 0% - 60%
2 - 0% - 40%
PK3 Defense
1 - 0% - 60%
2 - 0% - 40%
44 Forward
1 - 84% - 60% - 5:27
2 - 16% - 40% - 1:01
44 Defense
1 - 64% - 60% - 4:09
2 - 36% - 40% - 2:19
Last Minute Offensive - 0:00
Last Minute Defensive - 0:04
Total
Forward - 65:00
Defense - 65:00
|
Play by Play
1st period
0:01 of 1st period - Marko Dano wins face-off versus Zack Hamill in neutral zone.
0:08 of 1st period - Darnell Nurse is hit by Jordan Schmaltz and loses puck.
0:15 of 1st period - Snap shot by Zack Hamill.
0:15 of 1st period - Shot Blocked by Darnell Nurse.
0:27 of 1st period - Adam Pelech is hit by Chris Thorburn and loses puck.
1:46 of 1st period - Brandon Saad is hit by Miikka Salomaki and loses puck.
1:55 of 1st period - Snap shot by Chris Thorburn.
1:55 of 1st period - Stopped by Louis Domingue with a rebound.
2:07 of 1st period - Adam Pelech is hit by Joel Armia and loses puck.
2:45 of 1st period - Robbie Earl is hit by Daultan Leveillé and loses puck.
2:58 of 1st period - Minor Penalty to Chris Thorburn for Elbowing.
2:59 of 1st period - Zack Hamill wins face-off versus Kenndal McArdle in Monarchs zone.
3:12 of 1st period - Snap shot by Zack Hamill.
3:12 of 1st period - Shot Misses the Net.
3:14 of 1st period - Wrist shot by Robbie Earl.
3:14 of 1st period - Shot Misses the Net.
3:36 of 1st period - Wrist shot by Daultan Leveillé.
3:36 of 1st period - Shot Misses the Net.
4:06 of 1st period - Snap shot by Robbie Earl.
4:06 of 1st period - Shot Misses the Net.
4:48 of 1st period - Adam Pelech is hit by Teuvo Teravainen and loses puck.
4:58 of 1st period - Penalty to Chris Thorburn is over, Chris Thorburn is back on ice.
5:03 of 1st period - Wrist shot by Daultan Leveillé.
5:03 of 1st period - Stopped by Louis Domingue with a rebound.
5:09 of 1st period - Chris Thorburn is hit by Colton Gillies and loses puck.
5:46 of 1st period - Wrist shot by Chris Thorburn.
5:46 of 1st period - Deflect By Brandon Saad.
5:46 of 1st period - Stopped by Louis Domingue without a rebound.
5:47 of 1st period - Chris Thorburn wins face-off versus Mark Jankowski in Punishers zone.
5:54 of 1st period - Chris Thorburn is hit by Carter Ashton and loses puck.
5:59 of 1st period - Snap shot by Colton Gillies.
5:59 of 1st period - Stopped by Anders Lindback with a rebound.
6:47 of 1st period - Wrist shot by Boone Jenner.
6:47 of 1st period - Stopped by Anders Lindback without a rebound.
6:48 of 1st period - Jonathan Drouin wins face-off versus Zack Hamill in Monarchs zone.
6:48 of 1st period - Jonathan Drouin is hit by David Laliberté.
7:14 of 1st period - Andre Burakovsky is hit by Madison Bowey and loses puck.
7:21 of 1st period - Darnell Nurse is hit by Tyler Bertuzzi and loses puck.
7:34 of 1st period - Trevor Van Riemsdyk is hit by Darnell Nurse and loses puck.
7:58 of 1st period - Wrist shot by Dennis Everberg.
7:58 of 1st period - Goal by Dennis Everberg - Punishers : 0 - Monarchs : 1.
7:59 of 1st period - Zack Hamill wins face-off versus Marko Dano in neutral zone.
8:04 of 1st period - Snap shot by David Laliberté.
8:04 of 1st period - Stopped by Anders Lindback without a rebound.
8:05 of 1st period - Zack Hamill wins face-off versus Marko Dano in Monarchs zone.
8:10 of 1st period - Slapshot by Zack Hamill.
8:10 of 1st period - Stopped by Anders Lindback without a rebound.
8:11 of 1st period - Zack Hamill wins face-off versus Jonathan Drouin in Monarchs zone.
8:24 of 1st period - Snap shot by David Laliberté.
8:24 of 1st period - Stopped by Anders Lindback with a rebound.
8:26 of 1st period - Snap shot by Robbie Earl.
8:26 of 1st period - Stopped by Anders Lindback with a rebound.
8:40 of 1st period - Snap shot by Zack Hamill.
8:40 of 1st period - Stopped by Anders Lindback with a rebound.
8:46 of 1st period - Slapshot by Boone Jenner.
8:46 of 1st period - Shot Blocked by Alec Martinez.
8:50 of 1st period - Wrist shot by Boone Jenner.
8:50 of 1st period - Shot Blocked by Alec Martinez.
9:04 of 1st period - Wrist shot by Teuvo Teravainen.
9:04 of 1st period - Shot Misses the Net.
9:14 of 1st period - Madison Bowey is hit by Marko Dano and loses puck.
9:35 of 1st period - Wrist shot by Radek Faksa.
9:35 of 1st period - Stopped by Anders Lindback without a rebound.
9:36 of 1st period - Teuvo Teravainen wins face-off versus Zack Hamill in Monarchs zone.
10:47 of 1st period - Wrist shot by Teuvo Teravainen.
10:47 of 1st period - Shot Misses the Net.
11:34 of 1st period - Alec Martinez is hit by Tyler Bertuzzi and loses puck.
12:13 of 1st period - Icing by Teuvo Teravainen.
12:14 of 1st period - Zack Hamill wins face-off versus Chris Tierney in Monarchs zone.
12:36 of 1st period - Slapshot by Teuvo Teravainen.
12:36 of 1st period - Shot Blocked by Zack Hamill.
13:22 of 1st period - Jake McCabe is hit by Adam Pelech and loses puck.
13:34 of 1st period - Icing by Jake McCabe.
13:35 of 1st period - Chris Tierney wins face-off versus Boone Jenner in Monarchs zone.
13:35 of 1st period - Chris Tierney is hit by Boone Jenner.
13:47 of 1st period - Off-side.
13:48 of 1st period - Boone Jenner wins face-off versus Marko Dano in neutral zone.
13:51 of 1st period - Snap shot by Miikka Salomaki.
13:51 of 1st period - Shot Misses the Net.
13:53 of 1st period - Wrist shot by Miikka Salomaki.
13:53 of 1st period - Shot Blocked by Darnell Nurse.
13:55 of 1st period - Slapshot by Patrick Wiercioch.
13:55 of 1st period - Shot Misses the Net.
13:57 of 1st period - Slapshot by Madison Bowey.
13:57 of 1st period - Stopped by Anders Lindback without a rebound.
13:58 of 1st period - Boone Jenner wins face-off versus Andre Burakovsky in Monarchs zone.
14:01 of 1st period - Wrist shot by Miikka Salomaki.
14:01 of 1st period - Stopped by Anders Lindback with a rebound.
14:03 of 1st period - Slapshot by Boone Jenner.
14:03 of 1st period - Goal by Boone Jenner - Punishers : 1 - Monarchs : 1.
14:04 of 1st period - Brandon Saad wins face-off versus Boone Jenner in neutral zone.
14:06 of 1st period - Minor Penalty to Chris Thorburn for Hooking.
14:07 of 1st period - Kenndal McArdle wins face-off versus Zack Hamill in Monarchs zone.
14:13 of 1st period - Slapshot by David Laliberté.
14:13 of 1st period - Stopped by Anders Lindback without a rebound.
14:14 of 1st period - Kenndal McArdle wins face-off versus Zack Hamill in Monarchs zone.
14:37 of 1st period - Minor Penalty to Robbie Earl for High sticking.
14:38 of 1st period - Marko Dano wins face-off versus Tyler Bertuzzi in Punishers zone.
14:47 of 1st period - Slapshot by Marko Dano.
14:47 of 1st period - Goal by Marko Dano - Punishers : 1 - Monarchs : 2.
14:48 of 1st period - Tyler Bertuzzi wins face-off versus Marko Dano in neutral zone.
14:51 of 1st period - Slapshot by Jordan Schmaltz.
14:51 of 1st period - Stopped by Anders Lindback with a rebound.
15:03 of 1st period - Slapshot by Marko Dano.
15:03 of 1st period - Goal by Marko Dano - Punishers : 1 - Monarchs : 3.
15:04 of 1st period - Marko Dano wins face-off versus Colton Gillies in neutral zone.
15:07 of 1st period - Snap shot by Teuvo Teravainen.
15:07 of 1st period - Stopped by Louis Domingue without a rebound.
15:08 of 1st period - Tyler Bertuzzi wins face-off versus Teuvo Teravainen in Punishers zone.
15:21 of 1st period - Wrist shot by Marko Dano.
15:21 of 1st period - Stopped by Louis Domingue without a rebound.
15:22 of 1st period - Marko Dano wins face-off versus Tyler Bertuzzi in Punishers zone.
16:06 of 1st period - Penalty to Chris Thorburn is over, Chris Thorburn is back on ice.
16:15 of 1st period - Patrick Wiercioch is hit by Teuvo Teravainen and loses puck.
16:37 of 1st period - Penalty to Robbie Earl is over, Robbie Earl is back on ice.
16:54 of 1st period - Slapshot by Dennis Everberg.
16:54 of 1st period - Shot Misses the Net.
16:56 of 1st period - Snap shot by Dennis Everberg.
16:56 of 1st period - Stopped by Louis Domingue with a rebound.
16:58 of 1st period - Snap shot by Daultan Leveillé.
16:58 of 1st period - Stopped by Louis Domingue with a rebound.
17:28 of 1st period - Adam Pelech is hit by Joel Armia and loses puck.
17:33 of 1st period - Slapshot by Teuvo Teravainen.
17:33 of 1st period - Shot Misses the Net.
17:52 of 1st period - Madison Bowey is hit by Artturi Lehkonen and loses puck.
18:07 of 1st period - Madison Bowey is hit by Jonathan Drouin and loses puck.
18:19 of 1st period - Zack Hamill is hit by Chris Thorburn and loses puck.
18:40 of 1st period - Wrist shot by Marko Dano.
18:40 of 1st period - Stopped by Louis Domingue with a rebound.
18:42 of 1st period - Slapshot by Andre Burakovsky.
18:42 of 1st period - Stopped by Louis Domingue with a rebound.
18:44 of 1st period - Snap shot by Marko Dano.
18:44 of 1st period - Shot Misses the Net.
19:02 of 1st period - Wrist shot by Miikka Salomaki.
19:02 of 1st period - Shot Misses the Net.
19:24 of 1st period - Slapshot by Daultan Leveillé.
19:24 of 1st period - Shot Misses the Net.
Goals for this period are 1 for Punishers vs 3 for Monarchs .
Shots for this period are 13 for Punishers vs 12 for Monarchs .
2nd period
0:01 of 2nd period - Zack Hamill wins face-off versus Marko Dano in neutral zone.
0:08 of 2nd period - Wrist shot by David Laliberté.
0:08 of 2nd period - Stopped by Anders Lindback with a rebound.
0:10 of 2nd period - Slapshot by Adam Pelech.
0:10 of 2nd period - Stopped by Anders Lindback without a rebound.
0:11 of 2nd period - Jonathan Drouin wins face-off versus Boone Jenner in Monarchs zone.
0:13 of 2nd period - Minor Penalty to Chris Thorburn for Tripping.
0:14 of 2nd period - Dennis Everberg wins face-off versus Zack Hamill in Monarchs zone.
0:41 of 2nd period - Off-side.
0:42 of 2nd period - Boone Jenner wins face-off versus Chris Tierney in neutral zone.
0:57 of 2nd period - Wrist shot by Boone Jenner.
0:57 of 2nd period - Deflect By Tyler Bertuzzi.
0:57 of 2nd period - Stopped by Anders Lindback without a rebound.
0:58 of 2nd period - Kenndal McArdle wins face-off versus Zack Hamill in Monarchs zone.
1:41 of 2nd period - Snap shot by David Laliberté.
1:41 of 2nd period - Shot Misses the Net.
2:13 of 2nd period - Penalty to Chris Thorburn is over, Chris Thorburn is back on ice.
2:24 of 2nd period - Off-side.
2:25 of 2nd period - Mark Jankowski wins face-off versus Marko Dano in neutral zone.
3:19 of 2nd period - Icing by Boone Jenner.
3:20 of 2nd period - Marko Dano wins face-off versus Boone Jenner in Punishers zone.
3:35 of 2nd period - Slapshot by Tyler Bertuzzi.
3:35 of 2nd period - Shot Blocked by Will Butcher.
3:37 of 2nd period - Slapshot by Tyler Bertuzzi.
3:37 of 2nd period - Shot Misses the Net.
3:39 of 2nd period - Slapshot by Trevor Van Riemsdyk.
3:39 of 2nd period - Stopped by Anders Lindback with a rebound.
4:13 of 2nd period - Wrist shot by Miikka Salomaki.
4:13 of 2nd period - Deflect By Boone Jenner.
4:13 of 2nd period - Shot Misses the Net.
4:13 of 2nd period - Puck is out of play.
4:14 of 2nd period - Zack Hamill wins face-off versus Jonathan Drouin in Monarchs zone.
4:19 of 2nd period - Wrist shot by Zack Hamill.
4:19 of 2nd period - Shot Misses the Net.
4:21 of 2nd period - Minor Penalty to Brandon Saad for Hooking.
4:22 of 2nd period - Zack Hamill wins face-off versus Kenndal McArdle in Monarchs zone.
5:17 of 2nd period - Daultan Leveillé is hit by Tyler Bertuzzi and loses puck.
5:34 of 2nd period - Dennis Everberg is hit by Zack Hamill and loses puck.
5:47 of 2nd period - Zack Hamill is hit by Teuvo Teravainen.
6:21 of 2nd period - Penalty to Brandon Saad is over, Brandon Saad is back on ice.
6:24 of 2nd period - Snap shot by Chris Thorburn.
6:24 of 2nd period - Stopped by Louis Domingue with a rebound.
8:35 of 2nd period - Patrick Wiercioch is hit by Brandon Saad and loses puck.
8:42 of 2nd period - Jonathan Drouin is hit by Miikka Salomaki and loses puck.
8:50 of 2nd period - Minor Penalty to Jake McCabe for Hooking.
8:51 of 2nd period - Kenndal McArdle wins face-off versus Zack Hamill in Monarchs zone.
9:01 of 2nd period - Snap shot by Adam Pelech.
9:01 of 2nd period - Shot Misses the Net.
9:03 of 2nd period - Snap shot by Robbie Earl.
9:03 of 2nd period - Stopped by Anders Lindback without a rebound.
9:04 of 2nd period - Kenndal McArdle wins face-off versus Zack Hamill in Monarchs zone.
10:50 of 2nd period - Penalty to Jake McCabe is over, Jake McCabe is back on ice.
11:27 of 2nd period - Wrist shot by Mark Jankowski.
11:27 of 2nd period - Shot Misses the Net.
12:28 of 2nd period - Snap shot by Boone Jenner.
12:28 of 2nd period - Stopped by Anders Lindback with a rebound.
12:30 of 2nd period - Slapshot by Dylan DeMelo.
12:30 of 2nd period - Shot Blocked by Teuvo Teravainen.
12:37 of 2nd period - Icing by Alec Martinez.
12:38 of 2nd period - Radek Faksa wins face-off versus Brandon Saad in Monarchs zone.
12:41 of 2nd period - Snap shot by Radek Faksa.
12:41 of 2nd period - Stopped by Anders Lindback with a rebound.
14:03 of 2nd period - Jake McCabe is hit by Zack Hamill and loses puck.
16:04 of 2nd period - Patrick Wiercioch is hit by Chris Thorburn and loses puck.
16:09 of 2nd period - Wrist shot by Chris Thorburn.
16:09 of 2nd period - Stopped by Louis Domingue with a rebound.
16:21 of 2nd period - Dennis Everberg is hit by Zack Hamill and loses puck.
16:32 of 2nd period - Madison Bowey is hit by Dennis Everberg and loses puck.
16:43 of 2nd period - Snap shot by Colton Gillies.
16:43 of 2nd period - Goal by Colton Gillies - Punishers : 2 - Monarchs : 3.
16:44 of 2nd period - Robbie Earl wins face-off versus Jonathan Drouin in neutral zone.
18:30 of 2nd period - Snap shot by Marko Dano.
18:30 of 2nd period - Stopped by Louis Domingue without a rebound.
18:31 of 2nd period - Boone Jenner wins face-off versus Marko Dano in Punishers zone.
18:40 of 2nd period - Wrist shot by Miikka Salomaki.
18:40 of 2nd period - Stopped by Anders Lindback with a rebound.
18:54 of 2nd period - Wrist shot by Connor Brown.
18:54 of 2nd period - Shot Blocked by Patrick Wiercioch.
19:06 of 2nd period - Snap shot by Miikka Salomaki.
19:06 of 2nd period - Shot Misses the Net.
19:22 of 2nd period - Slapshot by Boone Jenner.
19:22 of 2nd period - Stopped by Anders Lindback without a rebound.
19:23 of 2nd period - Zack Hamill wins face-off versus Jonathan Drouin in Monarchs zone.
19:34 of 2nd period - Jonathan Drouin is hit by David Laliberté and loses puck.
19:41 of 2nd period - Jonathan Drouin is hit by David Laliberté and loses puck.
Goals for this period are 1 for Punishers vs 0 for Monarchs .
Shots for this period are 10 for Punishers vs 3 for Monarchs .
3rd period
0:01 of 3rd period - Jonathan Drouin wins face-off versus Zack Hamill in neutral zone.
0:26 of 3rd period - Jake McCabe is hit by Boone Jenner and loses puck.
0:57 of 3rd period - Snap shot by Teuvo Teravainen.
0:57 of 3rd period - Shot Blocked by Carter Ashton.
1:34 of 3rd period - Slapshot by Jonathan Drouin.
1:34 of 3rd period - Deflect By Mark Jankowski.
1:34 of 3rd period - Stopped by Louis Domingue with a rebound.
1:36 of 3rd period - Wrist shot by Brandon Saad.
1:36 of 3rd period - Shot Blocked by Patrick Wiercioch.
1:38 of 3rd period - Snap shot by Brandon Saad.
1:38 of 3rd period - Shot Blocked by Mark Jankowski.
2:14 of 3rd period - Jordan Schmaltz is hit by Teuvo Teravainen and loses puck.
2:21 of 3rd period - Snap shot by Teuvo Teravainen.
2:21 of 3rd period - Stopped by Louis Domingue without a rebound.
2:22 of 3rd period - Brandon Saad wins face-off versus Zack Hamill in Punishers zone.
4:07 of 3rd period - Minor Penalty to Jordan Schmaltz for Diving.
4:08 of 3rd period - Zack Hamill wins face-off versus Andre Burakovsky in Punishers zone.
4:24 of 3rd period - Zack Hamill is hit by Andre Burakovsky.
4:58 of 3rd period - Carter Ashton is hit by Chris Tierney and loses puck.
6:07 of 3rd period - Penalty to Jordan Schmaltz is over, Jordan Schmaltz is back on ice.
6:11 of 3rd period - Off-side.
6:12 of 3rd period - Daultan Leveillé wins face-off versus Radek Faksa in neutral zone.
6:24 of 3rd period - Garret Ross is hit by Daultan Leveillé and loses puck.
6:37 of 3rd period - Chris Thorburn is hit by Tyler Bertuzzi and loses puck.
6:47 of 3rd period - Minor Penalty to Patrick Wiercioch for Hooking.
6:48 of 3rd period - Marko Dano wins face-off versus Zack Hamill in Punishers zone.
6:49 of 3rd period - Snap shot by Connor Brown.
6:49 of 3rd period - Shot Misses the Net.
6:51 of 3rd period - Snap shot by Andre Burakovsky.
6:51 of 3rd period - Shot Misses the Net.
6:53 of 3rd period - Slapshot by Jake McCabe.
6:53 of 3rd period - Deflect By Jordan Schmaltz.
6:53 of 3rd period - Stopped by Louis Domingue with a rebound.
6:55 of 3rd period - Snap shot by Marko Dano.
6:55 of 3rd period - Shot Misses the Net.
7:03 of 3rd period - Wrist shot by Marko Dano.
7:03 of 3rd period - Goal by Marko Dano - Punishers : 2 - Monarchs : 4.
7:03 of 3rd period - Daniel Altshuller enters game.
7:04 of 3rd period - Jonathan Drouin wins face-off versus Zack Hamill in neutral zone.
8:12 of 3rd period - Slapshot by Dylan DeMelo.
8:12 of 3rd period - Shot Blocked by Will Butcher.
8:14 of 3rd period - Snap shot by Colton Gillies.
8:14 of 3rd period - Shot Misses the Net.
8:16 of 3rd period - Slapshot by Trevor Van Riemsdyk.
8:16 of 3rd period - Stopped by Anders Lindback with a rebound.
8:18 of 3rd period - Snap shot by Carter Ashton.
8:18 of 3rd period - Stopped by Anders Lindback without a rebound.
8:19 of 3rd period - Jonathan Drouin wins face-off versus Zack Hamill in Monarchs zone.
8:30 of 3rd period - Backhand shot by Adam Pelech.
8:30 of 3rd period - Deflect By David Laliberté.
8:30 of 3rd period - Shot Misses the Net.
8:30 of 3rd period - Puck is out of play.
8:31 of 3rd period - Jonathan Drouin wins face-off versus Zack Hamill in Monarchs zone.
8:31 of 3rd period - Jonathan Drouin is hit by Robbie Earl.
8:57 of 3rd period - Andre Burakovsky is hit by Boone Jenner and loses puck.
9:13 of 3rd period - Icing by Tyler Bertuzzi.
9:14 of 3rd period - Chris Tierney wins face-off versus Mark Jankowski in Punishers zone.
9:15 of 3rd period - Snap shot by Joel Armia.
9:15 of 3rd period - Goal by Joel Armia - Punishers : 2 - Monarchs : 5.
9:16 of 3rd period - Jonathan Drouin wins face-off versus Zack Hamill in neutral zone.
9:18 of 3rd period - Off-side.
9:19 of 3rd period - Zack Hamill wins face-off versus Jonathan Drouin in neutral zone.
9:45 of 3rd period - Snap shot by Boone Jenner.
9:45 of 3rd period - Shot Blocked by David Fischer.
9:47 of 3rd period - Snap shot by Boone Jenner.
9:47 of 3rd period - Shot Blocked by Connor Brown.
9:49 of 3rd period - Slapshot by Jordan Schmaltz.
9:49 of 3rd period - Shot Misses the Net.
9:51 of 3rd period - Snap shot by Miikka Salomaki.
9:51 of 3rd period - Shot Misses the Net.
9:53 of 3rd period - Backhand shot by Adam Pelech.
9:53 of 3rd period - Shot Misses the Net.
9:55 of 3rd period - Slapshot by Adam Pelech.
9:55 of 3rd period - Deflect By Andre Burakovsky.
9:55 of 3rd period - Stopped by Anders Lindback with a rebound.
10:05 of 3rd period - Slapshot by David Fischer.
10:05 of 3rd period - Deflect By Colton Gillies.
10:05 of 3rd period - Stopped by Daniel Altshuller with a rebound.
10:07 of 3rd period - Slapshot by Teuvo Teravainen.
10:07 of 3rd period - Stopped by Daniel Altshuller with a rebound.
10:09 of 3rd period - Wrist shot by Joel Armia.
10:09 of 3rd period - Stopped by Daniel Altshuller with a rebound.
10:11 of 3rd period - Snap shot by Teuvo Teravainen.
10:11 of 3rd period - Shot Blocked by Carter Ashton.
10:13 of 3rd period - Snap shot by Chris Tierney.
10:13 of 3rd period - Shot Misses the Net.
10:29 of 3rd period - Slapshot by Darnell Nurse.
10:29 of 3rd period - Shot Misses the Net.
10:35 of 3rd period - Patrick Wiercioch is hit by Darnell Nurse and loses puck.
10:44 of 3rd period - Patrick Wiercioch is hit by Dennis Everberg and loses puck.
10:57 of 3rd period - Slapshot by Zack Hamill.
10:57 of 3rd period - Shot Blocked by Artturi Lehkonen.
10:59 of 3rd period - Snap shot by David Laliberté.
10:59 of 3rd period - Goal by David Laliberté - Punishers : 3 - Monarchs : 5.
11:00 of 3rd period - Boone Jenner wins face-off versus Jonathan Drouin in neutral zone.
11:16 of 3rd period - Snap shot by Morgan Rielly.
11:16 of 3rd period - Deflect By Jordan Schmaltz.
11:16 of 3rd period - Stopped by Daniel Altshuller without a rebound.
11:17 of 3rd period - Marko Dano wins face-off versus Zack Hamill in Punishers zone.
12:07 of 3rd period - Snap shot by Boone Jenner.
12:07 of 3rd period - Stopped by Anders Lindback with a rebound.
13:13 of 3rd period - Icing by Brandon Saad.
13:14 of 3rd period - Jonathan Drouin wins face-off versus Zack Hamill in Monarchs zone.
13:35 of 3rd period - Wrist shot by Chris Thorburn.
13:35 of 3rd period - Stopped by Daniel Altshuller without a rebound.
13:36 of 3rd period - Boone Jenner wins face-off versus Marko Dano in Punishers zone.
13:41 of 3rd period - Wrist shot by Andre Burakovsky.
13:41 of 3rd period - Stopped by Daniel Altshuller with a rebound.
13:43 of 3rd period - Wrist shot by Morgan Rielly.
13:43 of 3rd period - Shot Misses the Net.
13:45 of 3rd period - Slapshot by Morgan Rielly.
13:45 of 3rd period - Deflect By Patrick Wiercioch.
13:45 of 3rd period - Stopped by Daniel Altshuller without a rebound.
13:46 of 3rd period - Marko Dano wins face-off versus Zack Hamill in Punishers zone.
13:47 of 3rd period - Snap shot by Connor Brown.
13:47 of 3rd period - Deflect By Marko Dano.
13:47 of 3rd period - Shot Blocked by Robbie Earl.
13:47 of 3rd period - Puck is out of play.
13:48 of 3rd period - Robbie Earl wins face-off versus Marko Dano in Punishers zone.
13:53 of 3rd period - Slapshot by Jordan Schmaltz.
13:53 of 3rd period - Deflect By Robbie Earl.
13:53 of 3rd period - Stopped by Anders Lindback with a rebound.
14:13 of 3rd period - Jonathan Drouin is hit by Jordan Schmaltz and loses puck.
14:28 of 3rd period - Minor Penalty to Brandon Saad for High sticking.
14:29 of 3rd period - Zack Hamill wins face-off versus Kenndal McArdle in Monarchs zone.
14:36 of 3rd period - Backhand shot by Zack Hamill.
14:36 of 3rd period - Deflect By Robbie Earl.
14:36 of 3rd period - Shot Misses the Net.
14:36 of 3rd period - Puck is out of play.
14:37 of 3rd period - Zack Hamill wins face-off versus Kenndal McArdle in Monarchs zone.
15:02 of 3rd period - Snap shot by Miikka Salomaki.
15:02 of 3rd period - Goal by Miikka Salomaki - Punishers : 4 - Monarchs : 5.
15:03 of 3rd period - Joel Armia wins face-off versus Zack Hamill in neutral zone.
15:06 of 3rd period - Slapshot by Will Butcher.
15:06 of 3rd period - Deflect By Jordan Schmaltz.
15:06 of 3rd period - Stopped by Daniel Altshuller with a rebound.
15:09 of 3rd period - Minor Penalty to Robbie Earl for Holding.
15:10 of 3rd period - Marko Dano wins face-off versus Zack Hamill in Punishers zone.
15:11 of 3rd period - Snap shot by Connor Brown.
15:11 of 3rd period - Deflect By Marko Dano.
15:11 of 3rd period - Shot Misses the Net.
15:11 of 3rd period - Puck is out of play.
15:12 of 3rd period - Zack Hamill wins face-off versus Marko Dano in Punishers zone.
15:25 of 3rd period - Snap shot by Andre Burakovsky.
15:25 of 3rd period - Stopped by Daniel Altshuller without a rebound.
15:26 of 3rd period - Marko Dano wins face-off versus Zack Hamill in Punishers zone.
17:09 of 3rd period - Penalty to Robbie Earl is over, Robbie Earl is back on ice.
17:19 of 3rd period - Slapshot by Jordan Schmaltz.
17:19 of 3rd period - Stopped by Anders Lindback with a rebound.
17:21 of 3rd period - Slapshot by Jordan Schmaltz.
17:21 of 3rd period - Deflect By Morgan Rielly.
17:21 of 3rd period - Stopped by Anders Lindback with a rebound.
17:32 of 3rd period - Icing by Daultan Leveillé.
17:33 of 3rd period - Radek Faksa wins face-off versus Daultan Leveillé in Monarchs zone.
18:14 of 3rd period - Slapshot by Dylan DeMelo.
18:14 of 3rd period - Shot Blocked by Brandon Saad.
18:42 of 3rd period - Slapshot by Colton Gillies.
18:42 of 3rd period - Shot Misses the Net.
18:44 of 3rd period - Wrist shot by Boone Jenner.
18:44 of 3rd period - Deflect By Miikka Salomaki.
18:44 of 3rd period - Shot Misses the Net.
18:44 of 3rd period - Puck is out of play.
18:45 of 3rd period - Mike Yeo call a timeout for Punishers.
18:45 of 3rd period - Boone Jenner wins face-off versus Chris Tierney in Monarchs zone.
18:46 of 3rd period - Punishers, Daniel Altshuller is pulled from the net.
18:48 of 3rd period - Snap shot by Miikka Salomaki.
18:48 of 3rd period - Goal by Miikka Salomaki - Punishers : 5 - Monarchs : 5.
18:48 of 3rd period - Daniel Altshuller from Punishers was sent back in the game.
18:49 of 3rd period - Chris Tierney wins face-off versus Carter Ashton in neutral zone.
18:54 of 3rd period - Slapshot by Will Butcher.
18:54 of 3rd period - Stopped by Daniel Altshuller with a rebound.
19:16 of 3rd period - Marko Dano is hit by Adam Pelech and loses puck.
Goals for this period are 3 for Punishers vs 2 for Monarchs .
Shots for this period are 10 for Punishers vs 15 for Monarchs .
Overtime #1
0:01 of 1st overtime period - Robbie Earl wins face-off versus Marko Dano in neutral zone.
1:17 of 1st overtime period - Snap shot by Boone Jenner.
1:17 of 1st overtime period - Stopped by Anders Lindback without a rebound.
1:18 of 1st overtime period - Robbie Earl wins face-off versus Marko Dano in Monarchs zone.
1:35 of 1st overtime period - Darnell Nurse is hit by Robbie Earl and loses puck.
1:56 of 1st overtime period - Snap shot by David Laliberté.
1:56 of 1st overtime period - Stopped by Anders Lindback with a rebound.
1:58 of 1st overtime period - Slapshot by Madison Bowey.
1:58 of 1st overtime period - Shot Blocked by Jake McCabe.
2:00 of 1st overtime period - Wrist shot by Carter Ashton.
2:00 of 1st overtime period - Stopped by Anders Lindback with a rebound.
3:53 of 1st overtime period - Jake McCabe is hit by Tyler Bertuzzi and loses puck.
4:08 of 1st overtime period - Morgan Rielly is hit by David Laliberté and loses puck.
4:51 of 1st overtime period - Artturi Lehkonen is hit by Carter Ashton.
Goals for this period are 0 for Punishers vs 0 for Monarchs .
Shots for this period are 3 for Punishers vs 0 for Monarchs .
ShootOut
5:00 of 1st overtime period - Penalty Shot by Boone Jenner for Punishers.
5:00 of 1st overtime period - Deke by Boone Jenner.
5:00 of 1st overtime period - Shot Misses the Net.
5:00 of 1st overtime period - Penalty Shot by Andre Burakovsky for Monarchs .
5:00 of 1st overtime period - Snap shot by Andre Burakovsky.
5:00 of 1st overtime period - Stopped by Daniel Altshuller.
5:00 of 1st overtime period - Penalty Shot by Zack Hamill for Punishers.
5:00 of 1st overtime period - Deke by Zack Hamill.
5:00 of 1st overtime period - Shot Misses the Net.
5:00 of 1st overtime period - Penalty Shot by Teuvo Teravainen for Monarchs .
5:00 of 1st overtime period - Wrist shot by Teuvo Teravainen.
5:00 of 1st overtime period - Stopped by Daniel Altshuller.
5:00 of 1st overtime period - Penalty Shot by Robbie Earl for Punishers.
5:00 of 1st overtime period - Wrist shot by Robbie Earl.
5:00 of 1st overtime period - Stopped by Anders Lindback.
5:00 of 1st overtime period - Penalty Shot by Marko Dano for Monarchs .
5:00 of 1st overtime period - Wrist shot by Marko Dano.
5:00 of 1st overtime period - Shot Misses the Net.
5:00 of 1st overtime period - Penalty Shot by David Laliberté for Punishers.
5:00 of 1st overtime period - Wrist shot by David Laliberté.
5:00 of 1st overtime period - Stopped by Anders Lindback.
5:00 of 1st overtime period - Penalty Shot by Joel Armia for Monarchs .
5:00 of 1st overtime period - Backhand shot by Joel Armia.
5:00 of 1st overtime period - Stopped by Daniel Altshuller.
5:00 of 1st overtime period - Penalty Shot by Colton Gillies for Punishers.
5:00 of 1st overtime period - Backhand shot by Colton Gillies.
5:00 of 1st overtime period - Goal by Colton Gillies.
5:00 of 1st overtime period - Penalty Shot by Kenndal McArdle for Monarchs .
5:00 of 1st overtime period - Wrist shot by Kenndal McArdle.
5:00 of 1st overtime period - Goal by Kenndal McArdle.
5:00 of 1st overtime period - Penalty Shot by Miikka Salomaki for Punishers.
5:00 of 1st overtime period - Wrist shot by Miikka Salomaki.
5:00 of 1st overtime period - Goal by Miikka Salomaki.
5:00 of 1st overtime period - Penalty Shot by Dennis Everberg for Monarchs .
5:00 of 1st overtime period - Snap shot by Dennis Everberg.
5:00 of 1st overtime period - Goal by Dennis Everberg.
5:00 of 1st overtime period - Penalty Shot by Jordan Schmaltz for Punishers.
5:00 of 1st overtime period - Snap shot by Jordan Schmaltz.
5:00 of 1st overtime period - Stopped by Anders Lindback.
5:00 of 1st overtime period - Penalty Shot by Alec Martinez for Monarchs .
5:00 of 1st overtime period - Snap shot by Alec Martinez.
5:00 of 1st overtime period - Stopped by Daniel Altshuller.
5:00 of 1st overtime period - Penalty Shot by Mark Jankowski for Punishers.
5:00 of 1st overtime period - Snap shot by Mark Jankowski.
5:00 of 1st overtime period - Stopped by Anders Lindback.
5:00 of 1st overtime period - Penalty Shot by Daultan Leveillé for Monarchs .
5:00 of 1st overtime period - Snap shot by Daultan Leveillé.
5:00 of 1st overtime period - Stopped by Daniel Altshuller.
5:00 of 1st overtime period - Penalty Shot by Carter Ashton for Punishers.
5:00 of 1st overtime period - Snap shot by Carter Ashton.
5:00 of 1st overtime period - Goal by Carter Ashton.
5:00 of 1st overtime period - Penalty Shot by David Fischer for Monarchs .
5:00 of 1st overtime period - Snap shot by David Fischer.
5:00 of 1st overtime period - Shot Misses the Net.
Back to the Top